 Dungeon Crawl Stone Soup version 0.24-a0-517-gd52e2fb (webtiles) character file.

Game seed: 10763918618494725410

104 DinnerBoy7 the Skirmisher (level 4, 0/40 HPs)
             Began as a Draconian Fighter on July 23, 2019.
             Slain by an orc
             ... wielding a +2 morningstar of draining
              (10 damage)
             ... on level 3 of the Dungeon.
             The game lasted 00:07:51 (2447 turns).

DinnerBoy7 the Skirmisher (Draconian Fighter)       Turns: 2447, Time: 00:07:51

Health: 0/40       AC:  6    Str: 25    XL:     4   Next: 52%
Magic:  4/4        EV: 10    Int:  8    God:
Gold:   62         SH:  9    Dex: 10    Spells: 3/3 levels left

rFire    . . .     SeeInvis +   a - +0 flail
rCold    . . .     Gourm    .   b - +0 shield
rNeg     . . .     Faith    .   (armour unavailable)
rPois    .         Spirit   .   (helmet restricted)
rElec    .         Reflect  .   (no cloak)
rCorr    .         Harm     .   (no gloves)
MR       .....                  h - +0 pair of boots
Stlth    +.........             (no amulet)
HPRegen  0.13/turn              m - ring of see invisible
MPRegen  0.09/turn              o - ring of wizardry

@: mighty, lightly drained
A: unfitting armour, cold-blooded, AC +5
a: no special abilities


You were on level 3 of the Dungeon.
You were very hungry.

You visited 1 branch of the dungeon, and saw 3 of its levels.

You collected 62 gold pieces.

Inventory:

Hand Weapons
 a - a +0 flail (weapon)
Armour
 b - a +0 shield (worn)
 h - a +0 pair of boots (worn)
Jewellery
 m - a ring of see invisible (left hand)
 o - a ring of wizardry (right hand)
Wands
 p - a wand of clouds (4)
Scrolls
 j - 3 scrolls of teleportation {unknown}
 k - a scroll of enchant armour {unknown}
 n - 3 scrolls of remove curse {unknown}
 q - a scroll of amnesia {unknown}
 t - a scroll of enchant weapon {unknown}
Potions
 c - a potion of might
 f - 4 potions of curing
 g - a potion of agility {unknown}
 l - 2 potions of degeneration {unknown}
 r - a potion of mutation {unknown}
 s - a potion of brilliance {unknown}
Comestibles
 d - 6 rations
 i - a chunk of flesh


   Skills:
 + Level 4.0(3.7) Fighting
 + Level 2.8(2.5) Maces & Flails
 + Level 3.2(3.0) Dodging
 + Level 3.6(3.3) Shields
 + Level 1.1(0.8) Evocations


You had 3 spell levels left.
You didn't know any spells.
Your spell library was empty.

Dungeon Overview and Level Annotations

Branches:
Dungeon (3/15)

Altars:


Innate Abilities, Weirdness & Mutations

Your plain brown scales are hard. (AC +5)
You cannot fit into any form of body armour.
You are cold-blooded and may be slowed by cold attacks.


Message History

* * * LOW HITPOINT WARNING * * *
You closely miss the orc priest.
Your tail-slap misses the orc priest.
The orc priest hits you with a +0 short sword.
* * * LOW HITPOINT WARNING * * *
The orc closely misses you.
You barely miss the orc priest. You block the orc priest's attack.
You block the orc's attack.
The orc priest looks satisfied for a moment.
You sock the orc priest!
You kill the orc priest!
Your Fighting skill increases to level 4!
Your Evocations skill increases to level 1!
The orc hits you with a +2 morningstar of draining.
* * * LOW HITPOINT WARNING * * *
You feel drained.
* * * LOW HITPOINT WARNING * * *
You feel better. You block the orc's attack.
You closely miss the orc.
The orc hits you with a +2 morningstar of draining!
You die...

*,******,* *,*,,,,,,,,,,,,,,
*,* *,* *.#**,,,,,**,,,,, *,*
*,* *.# ***,****,***, *,* *,*
##.##***,****,,,,, *,******,*
#...,,,,,,,,,,,,,,
*,,,,.##,*##..#***,,,,,*****,
*,,**....,,...* *,,,,,* *,
*,,,,.....##.#####$.,,,*****+
*,,,,......)@.......,,,**,,,,
*,*#########o##....(,,,**,,,,
**+*#......รท..#,,,...,,***,,,,
*,,,#.##.##.#...#***#,,***,,,,
*,,,#.##.##....##,,,**,,,,,,,,
*,,,#'##.......#,,,,,*,,***,,,
**###.......#..+,,,,,*,,,,,,,,
#............#,,,,,*,,*,*,*+
#.........#..#*,,,**,,*,*,*,


You could see an orc.

Vanquished Creatures
  An orc priest (D:3)
  2 adders (D:2)
  A worm (D:2)
  A dart slug (D:2)
  3 leopard geckos (D:1)
  3 orcs (D:3)
  3 giant cockroaches
  A goblin (D:1)
  8 hobgoblins
  4 jackals (D:1)
  2 quokkas (D:2)
  3 bats
  4 frilled lizards
  3 kobolds (D:1)
  5 rats
44 creatures vanquished.

Notes
Turn   | Place    | Note
-------+----------+-------------------------------------------
     0 | D:1      | DinnerBoy7 the Draconian Fighter began the quest for the
                  | Orb.
     0 | D:1      | Reached XP level 1. HP: 19/19 MP: 1/1
   346 | D:1      | Reached XP level 2. HP: 26/26 MP: 2/2
  1351 | D:1      | Reached XP level 3. HP: 33/33 MP: 3/3
  2426 | D:3      | Reached XP level 4. HP: 40/40 MP: 4/4
  2445 | D:3      | Reached skill level 4 in Fighting
  2445 | D:3      | Reached skill level 1 in Evocations
  2445 | D:3      | HP: 2/40 [orc/+2 morningstar of draining (1)]
  2447 | D:3      | Slain by an orc

Levels and vault maps discovered:
D:1:      psy_arrival_radial02, layout_basic
D:2:      layout_rooms, minmay_diced_spiral
D:3:      layout_basic, gammafunk_temple_overflow_arena,
          chequers_temple_overflow_statue_of_worship, marbit_many_paths,
          gup_sewer_entry_spiral, eino_tiny_chamber, kennysheep_jessica_study

Skill      XL: |  1  2  3  4 |
---------------+-------------+-----
Dodging        | 3 |  3.2
Fighting       | 4 |  4.0
Evocations     | 1 |  1.1
Maces & Flails | |  2.8
Shields        | |  3.6

Action                   |  1- 3 |  4- 6 || total
-------------------------+-------+-------++-------
Melee: Flail             |   176 |    12 ||   188
       Tailslap          |    11 |     2 ||    13
Evoke: Wand              |     2 |       ||     2
  Use: Scroll            |     5 |       ||     5
       Potion            |       |     2 ||     2
 Stab: Sleeping          |     1 |       ||     1
  Eat: Chunk             |     4 |       ||     4
Armor: Skin              |    67 |     3 ||    70
Dodge: Dodged            |    70 |     4 ||    74
Block: Shield            |    90 |     7 ||    97

Table legend:
 A = Non-vault XP
 B = Vault XP
 C = Vault XP percentage of total XP
 D = Non-vault monster count
 E = Vault monster count
 F = Vault count percentage of total count
                 A         B        C        D         E       F
            +---------+---------+-------+---------+---------+-------
      Total |     129 |      20 |  13.4 |      41 |       3 |   6.8
            +---------+---------+-------+---------+---------+-------
        D:1 |      42 |       0 |   0.0 |      23 |       0 |   0.0
        D:2 |      34 |      20 |  37.0 |      12 |       3 |  20.0
        D:3 |      53 |       0 |   0.0 |       6 |       0 |   0.0
            +---------+---------+-------+---------+---------+-------
